3377 views
Uploaded 2019-12-01 20:36:30
Game version 1.32.0.2 / 1.32.0.2.1
53:15 long 4on4 ladder game on (8)MarketSquare
Saved by BEARAND
3377 views
Uploaded 2019-12-01 20:36:30
Game version 1.32.0.2 / 1.32.0.2.1
53:15 long 4on4 ladder game on (8)MarketSquare


238 units @ 45.3k
/ 8.6k
130 buildings @ 15.9k
/ 7k



| Rod of Necromancy | 3 | 450 |
| Orb of Corruption | 1 | 375 |
| Scroll of Town Portal | 3 | 1050 |
| Potion of Lesser Invulnerability | 1 | 150 |
| Periapt of Vitality | 1 | 325 |
| total: | 9 | 2350g |
| Acolyte | 12 | 900 | / | 0 |
| Ghoul | 5 | 600 | / | 0 |
| Crypt Fiend | 8 | 1720 | / | 320 |
| Obsidian Statue | 4 | 800 | / | 140 |
| Frost Wyrm | 7 | 2695 | / | 840 |
| Necromancer | 3 | 435 | / | 60 |
| Meat Wagon | 2 | 460 | / | 100 |
| Rogue | 1 | 150 | / | 0 |
| Assassin | 1 | 250 | / | 30 |
| total: | 43 | 8010g | / | 1490w |
| Nerubian Tower | 4 | 400 | / | 80 |
| Spirit Tower | 2 | 290 | / | 80 |
| Graveyard | 1 | 215 | / | 0 |
| Crypt | 1 | 200 | / | 50 |
| Altar of Darkness | 1 | 180 | / | 50 |
| Ziggurat | 21 | 3150 | / | 1050 |
| Tomb of Relics | 1 | 130 | / | 30 |
| Necropolis | 1 | 225 | / | 0 |
| Slaughterhouse | 2 | 280 | / | 270 |
| Sacrificial Pit | 1 | 75 | / | 150 |
| Temple of the Damned | 2 | 310 | / | 280 |
| Boneyard | 2 | 350 | / | 400 |
| Halls of the Dead | 1 | 320 | / | 210 |
| Black Citadel | 1 | 325 | / | 230 |
| total: | 33 | 5115g | / | 2280w |
| 0:04 | Acolyte |
| 0:04 | Acolyte |
| 0:09 | Graveyard |
| 0:23 | Crypt |
| 0:43 | Altar of Darkness |
| 1:02 | Ziggurat |
| 1:26 | Ghoul |
| 1:32 | Tomb of Relics |
| 1:38 | Ghoul |
| 1:58 | Ziggurat |
| 2:12 | Crypt Fiend |
| 2:42 | Crypt Fiend |
| 2:52 | Death Coil |
| 2:53 | Rod of Necromancy |
| 3:11 | Crypt Fiend |
| 4:30 | Unholy Aura |
| 4:35 | Crypt Fiend |
| 4:36 | Halls of the Dead |
| 4:38 | Crypt Fiend |
| 5:07 | Ziggurat |
| 5:13 | Creature Attack |
| 5:24 | Nerubian Tower |
| 5:49 | Ziggurat |
| 6:02 | Crypt Fiend |
| 6:13 | Rod of Necromancy |
| 6:35 | Crypt Fiend |
| 8:04 | Death Coil |
| 8:14 | Slaughterhouse |
| 8:16 | Slaughterhouse |
| 8:44 | Black Citadel |
| 8:46 | Web |
| 8:59 | Ziggurat |
| 9:11 | Rod of Necromancy |
| 9:12 | Frost Nova |
| 9:45 | Obsidian Statue |
| 9:53 | Ziggurat |
| 10:07 | Rogue |
| 10:07 | Assassin |
| 10:35 | Burrow |
| 10:46 | Scroll of Town Portal |
| 11:23 | Dark Ritual |
| 11:39 | Destroyer Form |
| 11:54 | Acolyte |
| 12:59 | Black Arrow |
| 13:29 | Unholy Aura |
| 13:33 | Obsidian Statue |
| 13:47 | Scroll of Town Portal |
| 14:02 | Acolyte |
| 15:09 | Necropolis |
| 15:35 | Obsidian Statue |
| 15:38 | Crypt Fiend |
| 15:58 | Nerubian Tower |
| 16:03 | Ghoul |
| 16:34 | Ziggurat |
| 16:35 | Ziggurat |
| 16:36 | Ziggurat |
| 16:37 | Ziggurat |
| 16:38 | Ziggurat |
| 16:42 | Acolyte |
| 16:42 | Acolyte |
| 16:49 | Acolyte |
| 17:03 | Acolyte |
| 18:17 | Spirit Tower |
| 18:19 | Ziggurat |
| 18:20 | Ziggurat |
| 18:21 | Ziggurat |
| 18:21 | Ziggurat |
| 18:28 | Sacrificial Pit |
| 19:00 | Creature Carapace |
| 20:22 | Spirit Tower |
| 20:31 | Boneyard |
| 20:35 | Boneyard |
| 21:10 | Acolyte |
| 21:10 | Acolyte |
| 21:10 | Acolyte |
| 21:10 | Acolyte |
| 21:14 | Ziggurat |
| 21:15 | Ziggurat |
| 21:15 | Ziggurat |
| 21:19 | Ziggurat |
| 21:22 | Ziggurat |
| 21:43 | Ghoul |
| 21:53 | Freezing Breath |
| 21:54 | Frost Wyrm |
| 22:01 | Scroll of Town Portal |
| 22:03 | Orb of Corruption |
| 22:27 | Frost Wyrm |
| 22:51 | Nerubian Tower |
| 23:01 | Frost Wyrm |
| 23:23 | Improved Creature Attack |
| 23:42 | Ghoul |
| 23:50 | Frost Wyrm |
| 24:35 | Frost Wyrm |
| 25:17 | Nerubian Tower |
| 25:21 | Improved Creature Carapace |
| 26:54 | Ziggurat |
| 27:36 | Frost Nova |
| 27:39 | Silence |
| 27:49 | Potion of Lesser Invulnerability |
| 27:54 | Periapt of Vitality |
| 29:56 | Advanced Creature Attack |
| 29:56 | Advanced Creature Carapace |
| 30:03 | Temple of the Damned |
| 30:05 | Temple of the Damned |
| 30:38 | Exhume Corpses |
| 31:12 | Skeletal Mastery |
| 31:12 | Necromancer Adept Training |
| 32:49 | Necromancer Master Training |
| 34:35 | Necromancer |
| 34:37 | Necromancer |
| 34:39 | Meat Wagon |
| 34:40 | Meat Wagon |
| 34:42 | Necromancer |
| 36:04 | Unholy Armor |
| 36:05 | Unholy Strength |
| 36:08 | Obsidian Statue |
| 37:54 | Frost Wyrm |
| 37:54 | Frost Wyrm |
| 39:19 | Death Coil |
| Right click | 826 |
| Select | 579 |
| Misc. action | 225 |
| Build/train/purchase | 109 |
| Select group | 96 |
| Use ability | 40 |
| Assign group | 23 |
| Chat | 17 |
| Item give/drop | 3 |
| Remove unit | 1 |
| Minimap ping | 1 |


| Scroll of Regeneration | 4 | 400 |
| Potion of Healing | 1 | 150 |
| Scroll of Town Portal | 5 | 1750 |
| total: | 10 | 2300g |
| Peasant | 20 | 1500 | / | 0 |
| Footman | 7 | 945 | / | 0 |
| Sorceress | 18 | 2790 | / | 360 |
| Priest | 4 | 540 | / | 40 |
| Spell Breaker | 14 | 3010 | / | 420 |
| Mortar Team | 9 | 1620 | / | 630 |
| total: | 72 | 10405g | / | 1450w |
| Scout Tower | 9 | 270 | / | 180 |
| Guard Tower | 7 | 490 | / | 350 |
| Barracks | 1 | 160 | / | 60 |
| Farm | 9 | 720 | / | 180 |
| Altar of Kings | 1 | 180 | / | 50 |
| Arcane Vault | 1 | 130 | / | 30 |
| Lumber Mill | 1 | 120 | / | 0 |
| Town Hall | 1 | 385 | / | 205 |
| Blacksmith | 1 | 140 | / | 60 |
| Arcane Sanctum | 3 | 450 | / | 420 |
| Workshop | 1 | 140 | / | 140 |
| Keep | 1 | 320 | / | 210 |
| Castle | 1 | 360 | / | 210 |
| total: | 28 | 2695g | / | 1325w |
| 0:02 | Peasant |
| 0:02 | Peasant |
| 0:03 | Peasant |
| 0:13 | Barracks |
| 0:20 | Farm |
| 0:26 | Altar of Kings |
| 0:47 | Peasant |
| 1:03 | Farm |
| 1:07 | Peasant |
| 1:09 | Peasant |
| 1:15 | Footman |
| 1:28 | Footman |
| 1:46 | Farm |
| 1:52 | Footman |
| 2:09 | Footman |
| 2:35 | Footman |
| 2:41 | Summon Water Elemental |
| 2:51 | Scout Tower |
| 2:57 | Peasant |
| 3:03 | Arcane Vault |
| 3:27 | Keep |
| 4:11 | Lumber Mill |
| 4:48 | Scout Tower |
| 5:23 | Brilliance Aura |
| 5:36 | Footman |
| 5:37 | Guard Tower |
| 5:38 | Guard Tower |
| 5:44 | Farm |
| 5:44 | Farm |
| 5:46 | Farm |
| 5:51 | Peasant |
| 5:51 | Peasant |
| 5:56 | Arcane Sanctum |
| 6:00 | Arcane Sanctum |
| 6:07 | Scroll of Regeneration |
| 6:11 | Arcane Sanctum |
| 6:22 | Improved Lumber Harvesting |
| 6:26 | Peasant |
| 7:30 | Thunder Clap |
| 7:52 | Sorceress Adept Training |
| 7:53 | Priest Adept Training |
| 7:54 | Sorceress |
| 7:54 | Sorceress |
| 7:54 | Sorceress |
| 7:54 | Sorceress |
| 7:55 | Priest |
| 7:58 | Sorceress |
| 7:58 | Sorceress |
| 7:58 | Sorceress |
| 7:58 | Sorceress |
| 8:04 | Farm |
| 8:38 | Summon Water Elemental |
| 8:58 | Spell Breaker |
| 9:01 | Farm |
| 9:03 | Castle |
| 9:45 | Footman |
| 9:55 | Potion of Healing |
| 10:57 | Spell Breaker |
| 10:59 | Sorceress |
| 11:02 | Sorceress |
| 12:03 | Scroll of Town Portal |
| 12:57 | Bash |
| 13:15 | Town Hall |
| 13:34 | Sorceress |
| 13:34 | Sorceress |
| 13:36 | Sorceress Master Training |
| 13:37 | Priest Master Training |
| 14:02 | Spell Breaker |
| 14:04 | Priest |
| 15:08 | Sorceress |
| 15:51 | Scroll of Regeneration |
| 15:52 | Scroll of Town Portal |
| 15:56 | Sorceress |
| 15:56 | Sorceress |
| 16:09 | Sorceress |
| 16:10 | Sorceress |
| 16:18 | Scout Tower |
| 16:19 | Scout Tower |
| 16:20 | Scout Tower |
| 16:21 | Scout Tower |
| 16:35 | Spell Breaker |
| 17:07 | Spell Breaker |
| 17:13 | Blacksmith |
| 17:16 | Guard Tower |
| 17:31 | Spell Breaker |
| 19:00 | Scroll of Regeneration |
| 19:02 | Scroll of Town Portal |
| 19:05 | Priest |
| 19:06 | Spell Breaker |
| 19:09 | Spell Breaker |
| 19:28 | Guard Tower |
| 19:31 | Scout Tower |
| 20:11 | Guard Tower |
| 20:15 | Scout Tower |
| 20:26 | Spell Breaker |
| 20:26 | Spell Breaker |
| 20:28 | Spell Breaker |
| 20:29 | Spell Breaker |
| 20:35 | Iron Forged Swords |
| 21:25 | Brilliance Aura |
| 21:27 | Storm Bolt |
| 21:34 | Guard Tower |
| 22:30 | Iron Plating |
| 22:31 | Advanced Lumber Harvesting |
| 22:40 | Spell Breaker |
| 22:42 | Spell Breaker |
| 22:43 | Priest |
| 22:48 | Improved Masonry |
| 23:07 | Workshop |
| 24:26 | Mortar Team |
| 24:26 | Mortar Team |
| 24:30 | Farm |
| 24:55 | Peasant |
| 24:55 | Peasant |
| 24:55 | Peasant |
| 24:55 | Peasant |
| 25:17 | Scout Tower |
| 25:48 | Mortar Team |
| 26:12 | Mortar Team |
| 28:01 | Scroll of Town Portal |
| 28:03 | Guard Tower |
| 28:08 | Mortar Team |
| 30:23 | Fragmentation Shards |
| 30:41 | Flare |
| 30:45 | Black Gunpowder |
| 31:33 | Peasant |
| 31:33 | Peasant |
| 31:33 | Peasant |
| 31:33 | Peasant |
| 31:34 | Peasant |
| 31:35 | Peasant |
| 32:18 | Refined Gunpowder |
| 33:00 | Mortar Team |
| 33:00 | Mortar Team |
| 34:12 | Scroll of Regeneration |
| 36:03 | Sorceress |
| 36:06 | Mortar Team |
| 36:07 | Mortar Team |
| 36:35 | Scroll of Town Portal |
| Right click | 2094 |
| Select | 528 |
| Select group | 508 |
| Build/train/purchase | 173 |
| Assign group | 60 |
| Use ability | 47 |
| Misc. action | 19 |
| Resource trade | 10 |
| Chat | 10 |
| Remove unit | 3 |
| Item give/drop | 2 |
| Esc | 2 |
| Minimap ping | 1 |

| Acolyte | 10 | 750 | / | 0 |
| Ghoul | 7 | 840 | / | 0 |
| Crypt Fiend | 8 | 1720 | / | 320 |
| Obsidian Statue | 2 | 400 | / | 70 |
| Meat Wagon | 3 | 690 | / | 150 |
| Frost Wyrm | 15 | 5775 | / | 1800 |
| total: | 45 | 10175g | / | 2340w |
| Spirit Tower | 1 | 145 | / | 40 |
| Crypt | 1 | 200 | / | 50 |
| Ziggurat | 10 | 1500 | / | 500 |
| Altar of Darkness | 1 | 180 | / | 50 |
| Graveyard | 1 | 215 | / | 0 |
| Tomb of Relics | 1 | 130 | / | 30 |
| Slaughterhouse | 1 | 140 | / | 135 |
| Sacrificial Pit | 1 | 75 | / | 150 |
| Boneyard | 3 | 525 | / | 600 |
| Halls of the Dead | 1 | 320 | / | 210 |
| Black Citadel | 2 | 650 | / | 460 |
| total: | 19 | 2965g | / | 1515w |
| 0:06 | Acolyte |
| 0:06 | Acolyte |
| 0:06 | Acolyte |
| 0:11 | Crypt |
| 0:14 | Ziggurat |
| 0:36 | Altar of Darkness |
| 1:11 | Graveyard |
| 1:13 | Ghoul |
| 1:31 | Ghoul |
| 1:48 | Ziggurat |
| 1:52 | Ghoul |
| 2:13 | Ghoul |
| 2:21 | Ghoul |
| 2:39 | Tomb of Relics |
| 2:52 | Ghoul |
| 2:57 | Death Coil |
| 3:03 | Ghoul |
| 3:14 | Ziggurat |
| 3:36 | Crypt Fiend |
| 4:10 | Crypt Fiend |
| 4:23 | Crypt Fiend |
| 4:34 | Ziggurat |
| 4:54 | Unholy Aura |
| 5:18 | Crypt Fiend |
| 5:31 | Crypt Fiend |
| 5:41 | Crypt Fiend |
| 6:07 | Halls of the Dead |
| 6:31 | Death Coil |
| 7:49 | Ziggurat |
| 7:52 | Ziggurat |
| 7:53 | Ziggurat |
| 8:35 | Acolyte |
| 8:39 | Slaughterhouse |
| 8:41 | Sacrificial Pit |
| 9:01 | Crypt Fiend |
| 9:01 | Crypt Fiend |
| 9:34 | Ziggurat |
| 9:35 | Ziggurat |
| 9:35 | Ziggurat |
| 9:45 | Acolyte |
| 9:46 | Acolyte |
| 10:29 | Acolyte |
| 10:36 | Acolyte |
| 10:39 | Spirit Tower |
| 10:50 | Web |
| 11:49 | Black Citadel |
| 11:53 | Obsidian Statue |
| 11:54 | Obsidian Statue |
| 12:01 | Acolyte |
| 12:20 | Black Citadel |
| 14:38 | Creature Carapace |
| 14:38 | Creature Attack |
| 15:00 | Unholy Aura |
| 15:16 | Boneyard |
| 15:19 | Boneyard |
| 15:39 | Meat Wagon |
| 15:39 | Meat Wagon |
| 15:40 | Meat Wagon |
| 16:10 | Boneyard |
| 16:19 | Acolyte |
| 19:24 | Frost Wyrm |
| 19:24 | Frost Wyrm |
| 19:25 | Frost Wyrm |
| 19:25 | Frost Wyrm |
| 19:26 | Frost Wyrm |
| 22:32 | Freezing Breath |
| 22:34 | Improved Creature Attack |
| 22:35 | Improved Creature Carapace |
| 26:21 | Frost Wyrm |
| 26:23 | Frost Wyrm |
| 28:04 | Frost Wyrm |
| 28:22 | Advanced Creature Carapace |
| 28:22 | Advanced Creature Attack |
| 33:33 | Frost Wyrm |
| 33:33 | Frost Wyrm |
| 33:33 | Frost Wyrm |
| 33:34 | Frost Wyrm |
| 33:34 | Frost Wyrm |
| 33:34 | Frost Wyrm |
| 33:34 | Frost Wyrm |
| Right click | 848 |
| Select group | 773 |
| Select | 232 |
| Build/train/purchase | 63 |
| Assign group | 30 |
| Misc. action | 25 |
| Use ability | 13 |
| Minimap ping | 7 |
| Remove unit | 5 |


| Orb of Fire | 1 | 325 |
| total: | 1 | 325g |
| Peasant | 8 | 600 | / | 0 |
| Rifleman | 19 | 3895 | / | 570 |
| Priest | 5 | 675 | / | 50 |
| Spell Breaker | 6 | 1290 | / | 180 |
| Sorceress | 6 | 930 | / | 120 |
| Gryphon Rider | 9 | 2520 | / | 630 |
| Dragonhawk Rider | 1 | 200 | / | 30 |
| Knight | 7 | 1715 | / | 420 |
| Gargoyle | 8 | 1400 | / | 240 |
| Frost Wyrm | 9 | 3465 | / | 1080 |
| total: | 78 | 16690g | / | 3320w |
| Scout Tower | 11 | 330 | / | 220 |
| Guard Tower | 8 | 560 | / | 400 |
| Barracks | 1 | 160 | / | 60 |
| Farm | 15 | 1200 | / | 300 |
| Altar of Kings | 1 | 180 | / | 50 |
| Blacksmith | 1 | 140 | / | 60 |
| Lumber Mill | 1 | 120 | / | 0 |
| Arcane Vault | 1 | 130 | / | 30 |
| Arcane Sanctum | 1 | 150 | / | 140 |
| Gryphon Aviary | 1 | 140 | / | 150 |
| Keep | 1 | 320 | / | 210 |
| Castle | 1 | 360 | / | 210 |
| Ziggurat | 16 | 2400 | / | 800 |
| Tomb of Relics | 1 | 130 | / | 30 |
| total: | 50 | 5080g | / | 1840w |
| 0:04 | Peasant |
| 0:05 | Peasant |
| 0:05 | Peasant |
| 0:26 | Barracks |
| 0:33 | Farm |
| 0:36 | Peasant |
| 0:36 | Peasant |
| 0:56 | Altar of Kings |
| 1:02 | Peasant |
| 1:02 | Peasant |
| 1:44 | Farm |
| 2:02 | Blacksmith |
| 2:30 | Peasant |
| 2:38 | Lumber Mill |
| 3:09 | Farm |
| 3:19 | Rifleman |
| 3:20 | Rifleman |
| 3:20 | Rifleman |
| 3:21 | Rifleman |
| 3:21 | Rifleman |
| 3:24 | Summon Water Elemental |
| 4:55 | Rifleman |
| 5:13 | Studded Leather Armor |
| 5:16 | Keep |
| 5:22 | Farm |
| 5:27 | Farm |
| 6:08 | Blizzard |
| 6:58 | Scout Tower |
| 7:07 | Rifleman |
| 7:08 | Rifleman |
| 7:08 | Rifleman |
| 7:09 | Black Gunpowder |
| 7:36 | Improved Lumber Harvesting |
| 7:36 | Advanced Lumber Harvesting |
| 7:41 | Arcane Sanctum |
| 7:54 | Farm |
| 8:01 | Scout Tower |
| 8:03 | Guard Tower |
| 8:12 | Refined Gunpowder |
| 8:31 | Guard Tower |
| 8:39 | Farm |
| 9:33 | Castle |
| 9:37 | Priest Adept Training |
| 9:39 | Priest |
| 9:39 | Priest |
| 9:42 | Arcane Vault |
| 10:02 | Brilliance Aura |
| 10:03 | Long Rifles |
| 10:06 | Reinforced Leather Armor |
| 10:35 | Priest |
| 10:35 | Priest |
| 10:54 | Scout Tower |
| 11:25 | Rifleman |
| 11:25 | Rifleman |
| 11:35 | Gryphon Aviary |
| 11:56 | Priest Master Training |
| 12:06 | Imbued Gunpowder |
| 14:06 | Dragonhide Armor |
| 14:09 | Scout Tower |
| 14:11 | Control Magic |
| 14:21 | Farm |
| 14:32 | Summon Water Elemental |
| 15:15 | Brilliance Aura |
| 15:20 | Guard Tower |
| 15:23 | Scout Tower |
| 15:27 | Storm Hammers |
| 15:32 | Farm |
| 15:43 | Spell Breaker |
| 15:44 | Spell Breaker |
| 15:46 | Rifleman |
| 15:46 | Rifleman |
| 16:11 | Priest |
| 16:28 | Guard Tower |
| 16:45 | Sorceress |
| 16:45 | Sorceress |
| 16:45 | Sorceress |
| 16:48 | Sorceress Adept Training |
| 17:21 | Devotion Aura |
| 17:56 | Sorceress Master Training |
| 19:08 | Holy Light |
| 19:29 | Rifleman |
| 19:29 | Rifleman |
| 19:30 | Rifleman |
| 19:35 | Sorceress |
| 19:35 | Sorceress |
| 19:35 | Sorceress |
| 19:42 | Improved Masonry |
| 19:58 | Orb of Fire |
| 20:49 | Spell Breaker |
| 20:49 | Spell Breaker |
| 20:50 | Spell Breaker |
| 20:51 | Spell Breaker |
| 21:04 | Farm |
| 22:55 | Farm |
| 22:59 | Farm |
| 24:23 | Rifleman |
| 24:23 | Rifleman |
| 24:23 | Rifleman |
| 24:27 | Gryphon Rider |
| 24:27 | Gryphon Rider |
| 24:27 | Gryphon Rider |
| 24:27 | Gryphon Rider |
| 24:27 | Gryphon Rider |
| 24:33 | Iron Forged Swords |
| 24:34 | Iron Plating |
| 26:49 | Steel Forged Swords |
| 27:37 | Scout Tower |
| 27:39 | Scout Tower |
| 27:42 | Scout Tower |
| 27:44 | Scout Tower |
| 27:53 | Farm |
| 28:49 | Guard Tower |
| 28:50 | Guard Tower |
| 28:53 | Magic Sentry |
| 29:00 | Farm |
| 30:08 | Scout Tower |
| 30:08 | Scout Tower |
| 31:51 | Guard Tower |
| 31:52 | Guard Tower |
| 31:56 | Gryphon Rider |
| 31:57 | Gryphon Rider |
| 31:58 | Gryphon Rider |
| 32:03 | Mithril Forged Swords |
| 32:06 | Gryphon Rider |
| 33:32 | Farm |
| 34:47 | Cloud |
| 37:20 | Dragonhawk Rider |
| 41:24 | Gargoyle |
| 41:26 | Gargoyle |
| 41:26 | Gargoyle |
| 41:26 | Gargoyle |
| 41:27 | Gargoyle |
| 41:27 | Gargoyle |
| 41:27 | Gargoyle |
| 41:27 | Gargoyle |
| 42:22 | Frost Wyrm |
| 42:22 | Frost Wyrm |
| 42:22 | Frost Wyrm |
| 42:22 | Frost Wyrm |
| 42:22 | Frost Wyrm |
| 42:22 | Frost Wyrm |
| 42:23 | Frost Wyrm |
| 42:49 | Knight |
| 42:49 | Knight |
| 42:50 | Knight |
| 42:50 | Knight |
| 42:50 | Knight |
| 42:50 | Knight |
| 42:50 | Knight |
| 45:02 | Frost Wyrm |
| 45:02 | Frost Wyrm |
| 46:42 | Ziggurat |
| 46:43 | Ziggurat |
| 46:43 | Ziggurat |
| 46:43 | Ziggurat |
| 46:43 | Ziggurat |
| 46:43 | Ziggurat |
| 46:44 | Ziggurat |
| 46:44 | Ziggurat |
| 46:44 | Ziggurat |
| 46:44 | Ziggurat |
| 46:44 | Ziggurat |
| 46:44 | Ziggurat |
| 46:45 | Ziggurat |
| 46:45 | Ziggurat |
| 46:45 | Ziggurat |
| 46:46 | Ziggurat |
| 51:19 | Tomb of Relics |
| Right click | 1877 |
| Select | 666 |
| Build/train/purchase | 148 |
| Misc. action | 73 |
| Resource trade | 29 |
| Remove unit | 15 |
| Use ability | 13 |
97 units @ 9.3k
/ 0.5k
451 buildings @ 20.4k
/ 11.5k



| Scroll of Regeneration | 8 | 800 |
| Mechanical Critter | 2 | 100 |
| Staff of Sanctuary | 3 | 750 |
| Orb of Fire | 3 | 975 |
| Scroll of Town Portal | 6 | 2100 |
| Boots of Speed | 3 | 750 |
| Staff of Teleportation | 3 | 450 |
| Potion of Lesser Invulnerability | 1 | 150 |
| total: | 29 | 6075g |
| Peasant | 22 | 1650 | / | 0 |
| Priest | 1 | 135 | / | 10 |
| total: | 23 | 1785g | / | 10w |
| Scout Tower | 76 | 2280 | / | 1520 |
| Arcane Tower | 11 | 770 | / | 550 |
| Guard Tower | 34 | 2380 | / | 1700 |
| Altar of Kings | 1 | 180 | / | 50 |
| Farm | 3 | 240 | / | 60 |
| Lumber Mill | 1 | 120 | / | 0 |
| Arcane Vault | 2 | 260 | / | 60 |
| Town Hall | 3 | 1155 | / | 615 |
| Arcane Sanctum | 1 | 150 | / | 140 |
| Keep | 1 | 320 | / | 210 |
| Castle | 1 | 360 | / | 210 |
| total: | 87 | 4385g | / | 2445w |
| 0:01 | Peasant |
| 0:04 | Altar of Kings |
| 0:15 | Peasant |
| 0:18 | Farm |
| 0:26 | Peasant |
| 0:34 | Lumber Mill |
| 0:35 | Peasant |
| 0:48 | Peasant |
| 0:52 | Farm |
| 1:10 | Scout Tower |
| 1:18 | Peasant |
| 1:20 | Peasant |
| 1:22 | Scout Tower |
| 1:29 | Arcane Vault |
| 1:43 | Peasant |
| 1:53 | Arcane Tower |
| 1:57 | Peasant |
| 2:03 | Blizzard |
| 2:07 | Arcane Vault |
| 2:10 | Peasant |
| 2:26 | Peasant |
| 2:35 | Guard Tower |
| 2:47 | Peasant |
| 2:47 | Peasant |
| 2:51 | Scout Tower |
| 2:52 | Scout Tower |
| 2:56 | Improved Masonry |
| 3:28 | Peasant |
| 3:28 | Peasant |
| 3:28 | Peasant |
| 3:42 | Guard Tower |
| 4:30 | Guard Tower |
| 4:32 | Scout Tower |
| 4:32 | Scout Tower |
| 4:33 | Scout Tower |
| 4:33 | Scout Tower |
| 4:40 | Keep |
| 5:16 | Brilliance Aura |
| 5:58 | Boots of Speed |
| 6:01 | Arcane Tower |
| 6:01 | Guard Tower |
| 6:03 | Scout Tower |
| 6:07 | Farm |
| 6:11 | Scroll of Regeneration |
| 6:12 | Mechanical Critter |
| 6:15 | Mechanical Critter |
| 6:20 | Guard Tower |
| 6:40 | Arcane Tower |
| 7:34 | Advanced Masonry |
| 7:35 | Improved Lumber Harvesting |
| 7:37 | Castle |
| 7:44 | Scout Tower |
| 7:45 | Scout Tower |
| 8:44 | Guard Tower |
| 8:45 | Scout Tower |
| 8:46 | Scout Tower |
| 9:31 | Town Hall |
| 9:33 | Scout Tower |
| 9:34 | Scout Tower |
| 9:35 | Scout Tower |
| 9:35 | Scout Tower |
| 9:36 | Scout Tower |
| 9:36 | Scout Tower |
| 9:37 | Scout Tower |
| 9:37 | Scout Tower |
| 10:24 | Guard Tower |
| 10:27 | Arcane Tower |
| 10:28 | Guard Tower |
| 10:35 | Imbued Masonry |
| 10:37 | Arcane Sanctum |
| 10:42 | Flame Strike |
| 10:44 | Scroll of Regeneration |
| 10:46 | Staff of Sanctuary |
| 10:52 | Guard Tower |
| 11:04 | Guard Tower |
| 11:05 | Scout Tower |
| 11:05 | Scout Tower |
| 11:06 | Arcane Tower |
| 11:07 | Guard Tower |
| 11:19 | Scout Tower |
| 11:20 | Scout Tower |
| 11:20 | Scout Tower |
| 11:21 | Scout Tower |
| 11:22 | Scout Tower |
| 11:23 | Scout Tower |
| 11:24 | Scout Tower |
| 11:41 | Boots of Speed |
| 11:41 | Staff of Teleportation |
| 11:50 | Guard Tower |
| 12:06 | Potion of Lesser Invulnerability |
| 12:35 | Blizzard |
| 12:43 | Arcane Tower |
| 12:44 | Guard Tower |
| 12:51 | Magic Sentry |
| 12:53 | Advanced Lumber Harvesting |
| 13:26 | Orb of Fire |
| 13:26 | Staff of Sanctuary |
| 13:35 | Guard Tower |
| 13:43 | Staff of Teleportation |
| 13:55 | Town Hall |
| 13:58 | Scout Tower |
| 13:59 | Scout Tower |
| 13:59 | Scout Tower |
| 13:59 | Scout Tower |
| 14:00 | Scout Tower |
| 14:00 | Scout Tower |
| 14:01 | Scout Tower |
| 14:02 | Scout Tower |
| 14:37 | Guard Tower |
| 14:42 | Rain of Fire |
| 14:47 | Scout Tower |
| 14:58 | Scroll of Regeneration |
| 15:03 | Staff of Sanctuary |
| 15:03 | Orb of Fire |
| 15:17 | Guard Tower |
| 16:45 | Scout Tower |
| 16:46 | Scout Tower |
| 16:47 | Scout Tower |
| 16:48 | Scout Tower |
| 16:49 | Scout Tower |
| 16:52 | Boots of Speed |
| 16:53 | Staff of Teleportation |
| 17:37 | Siphon Mana |
| 17:52 | Arcane Tower |
| 17:53 | Guard Tower |
| 18:25 | Cleaving Attack |
| 18:59 | Scroll of Regeneration |
| 19:01 | Scroll of Town Portal |
| 20:12 | Guard Tower |
| 22:26 | Scroll of Regeneration |
| 22:29 | Scroll of Town Portal |
| 22:32 | Town Hall |
| 22:39 | Scout Tower |
| 22:40 | Scout Tower |
| 22:40 | Scout Tower |
| 22:40 | Scout Tower |
| 22:41 | Scout Tower |
| 22:41 | Scout Tower |
| 22:42 | Scout Tower |
| 22:42 | Scout Tower |
| 22:43 | Scout Tower |
| 22:44 | Scout Tower |
| 22:44 | Scout Tower |
| 22:45 | Scout Tower |
| 22:46 | Scout Tower |
| 22:46 | Scout Tower |
| 22:49 | Scout Tower |
| 22:50 | Scout Tower |
| 22:51 | Scout Tower |
| 23:00 | Orb of Fire |
| 23:06 | Arcane Tower |
| 23:10 | Guard Tower |
| 23:16 | Guard Tower |
| 23:32 | Guard Tower |
| 24:04 | Guard Tower |
| 24:08 | Scroll of Regeneration |
| 24:11 | Priest Adept Training |
| 24:11 | Priest |
| 24:16 | Guard Tower |
| 24:21 | Scout Tower |
| 24:21 | Scout Tower |
| 24:22 | Scout Tower |
| 24:23 | Scout Tower |
| 24:23 | Scout Tower |
| 24:24 | Scout Tower |
| 24:24 | Scout Tower |
| 24:25 | Scout Tower |
| 24:55 | Guard Tower |
| 25:00 | Arcane Tower |
| 25:01 | Guard Tower |
| 25:05 | Guard Tower |
| 25:09 | Brilliance Aura |
| 25:14 | Scroll of Town Portal |
| 25:25 | Guard Tower |
| 26:04 | Guard Tower |
| 26:20 | Guard Tower |
| 26:23 | Flame Strike |
| 26:36 | Scout Tower |
| 27:28 | Guard Tower |
| 27:34 | Scout Tower |
| 27:35 | Scout Tower |
| 27:37 | Peasant |
| 27:40 | Priest Master Training |
| 28:08 | Arcane Tower |
| 28:42 | Guard Tower |
| 28:44 | Peasant |
| 29:10 | Scroll of Town Portal |
| 29:49 | Peasant |
| 30:24 | Scout Tower |
| 30:24 | Scout Tower |
| 30:33 | Peasant |
| 30:58 | Peasant |
| 31:47 | Peasant |
| 33:00 | Scout Tower |
| 33:05 | Scout Tower |
| 33:09 | Rain of Fire |
| 33:46 | Guard Tower |
| 34:28 | Arcane Tower |
| 34:28 | Guard Tower |
| 34:31 | Scroll of Regeneration |
| 34:32 | Scroll of Town Portal |
| 34:38 | Guard Tower |
| 37:33 | Scroll of Regeneration |
| 37:35 | Scroll of Town Portal |
| 38:01 | Siphon Mana |
| 39:11 | Blizzard |
| 40:14 | Cleaving Attack |
| 44:05 | Flame Strike |
| 45:28 | Brilliance Aura |
| 50:07 | Rain of Fire |
| Right click | 3215 |
| Select group | 2431 |
| Select | 486 |
| Use ability | 295 |
| Assign group | 202 |
| Chat | 198 |
| Build/train/purchase | 181 |
| Misc. action | 66 |
| Minimap ping | 4 |
| Item give/drop | 3 |
| Remove unit | 1 |



x1)
| Lesser Clarity Potion | 1 | 70 |
| Scroll of Regeneration | 3 | 300 |
| Mechanical Critter | 1 | 50 |
| Orb of Fire | 2 | 650 |
| Staff of Sanctuary | 3 | 750 |
| Scroll of Town Portal | 3 | 1050 |
| Tome of Retraining | 1 | 300 |
| Staff of Teleportation | 3 | 450 |
| Boots of Speed | 1 | 250 |
| total: | 18 | 3870g |
| Peasant | 26 | 1950 | / | 0 |
| total: | 26 | 1950g | / | 0w |
| Scout Tower | 128 | 3840 | / | 2560 |
| Guard Tower | 42 | 2940 | / | 2100 |
| Arcane Tower | 3 | 210 | / | 150 |
| Altar of Kings | 1 | 180 | / | 50 |
| Farm | 4 | 320 | / | 80 |
| Lumber Mill | 1 | 120 | / | 0 |
| Arcane Vault | 3 | 390 | / | 90 |
| Town Hall | 1 | 385 | / | 205 |
| Barracks | 1 | 160 | / | 60 |
| Blacksmith | 1 | 140 | / | 60 |
| Arcane Sanctum | 1 | 150 | / | 140 |
| Workshop | 1 | 140 | / | 140 |
| Keep | 1 | 320 | / | 210 |
| Castle | 1 | 360 | / | 210 |
| total: | 142 | 5825g | / | 3385w |
| 0:02 | Peasant |
| 0:02 | Peasant |
| 0:03 | Peasant |
| 0:07 | Altar of Kings |
| 0:19 | Farm |
| 0:42 | Peasant |
| 0:52 | Peasant |
| 0:55 | Lumber Mill |
| 1:18 | Peasant |
| 1:26 | Peasant |
| 1:38 | Scout Tower |
| 1:40 | Scout Tower |
| 1:41 | Peasant |
| 1:58 | Improved Masonry |
| 1:59 | Peasant |
| 2:03 | Scout Tower |
| 2:04 | Scout Tower |
| 2:10 | Guard Tower |
| 2:18 | Summon Water Elemental |
| 2:19 | Peasant |
| 2:37 | Guard Tower |
| 2:39 | Scout Tower |
| 2:39 | Guard Tower |
| 2:41 | Scout Tower |
| 2:54 | Arcane Vault |
| 2:55 | Peasant |
| 2:57 | Farm |
| 3:27 | Guard Tower |
| 3:33 | Guard Tower |
| 3:57 | Peasant |
| 4:07 | Lesser Clarity Potion |
| 4:18 | Scout Tower |
| 4:19 | Scout Tower |
| 4:28 | Scout Tower |
| 4:29 | Scout Tower |
| 4:31 | Peasant |
| 4:47 | Guard Tower |
| 5:18 | Peasant |
| 5:18 | Peasant |
| 5:20 | Guard Tower |
| 5:21 | Arcane Tower |
| 5:27 | Brilliance Aura |
| 5:33 | Scout Tower |
| 5:34 | Scout Tower |
| 5:35 | Scout Tower |
| 5:52 | Town Hall |
| 6:04 | Guard Tower |
| 6:22 | Guard Tower |
| 6:34 | Scroll of Regeneration |
| 6:42 | Guard Tower |
| 7:00 | Scout Tower |
| 7:05 | Scroll of Regeneration |
| 7:07 | Mechanical Critter |
| 7:20 | Scout Tower |
| 7:21 | Scout Tower |
| 7:23 | Scout Tower |
| 7:24 | Scout Tower |
| 7:24 | Peasant |
| 7:24 | Peasant |
| 7:25 | Peasant |
| 7:30 | Peasant |
| 7:32 | Peasant |
| 8:19 | Guard Tower |
| 8:22 | Scout Tower |
| 8:22 | Scout Tower |
| 8:23 | Scout Tower |
| 8:26 | Scout Tower |
| 8:26 | Scout Tower |
| 8:28 | Scout Tower |
| 8:29 | Scout Tower |
| 8:30 | Peasant |
| 8:30 | Peasant |
| 8:44 | Keep |
| 8:45 | Peasant |
| 9:15 | Summon Water Elemental |
| 10:17 | Guard Tower |
| 10:33 | Peasant |
| 10:34 | Peasant |
| 11:15 | Peasant |
| 11:19 | Advanced Masonry |
| 11:20 | Improved Lumber Harvesting |
| 11:22 | Castle |
| 11:34 | Scout Tower |
| 11:37 | Scout Tower |
| 11:38 | Scout Tower |
| 11:39 | Scout Tower |
| 11:48 | Scout Tower |
| 11:54 | Scout Tower |
| 11:55 | Scout Tower |
| 11:56 | Scout Tower |
| 11:57 | Scout Tower |
| 11:58 | Scout Tower |
| 12:01 | Guard Tower |
| 12:13 | Farm |
| 12:14 | Farm |
| 12:51 | Scout Tower |
| 12:52 | Scout Tower |
| 12:53 | Scout Tower |
| 13:00 | Arcane Vault |
| 13:24 | Guard Tower |
| 13:35 | Breath of Fire |
| 13:48 | Imbued Masonry |
| 14:08 | Arcane Vault |
| 15:07 | Scroll of Town Portal |
| 15:31 | Orb of Fire |
| 15:31 | Staff of Sanctuary |
| 16:00 | Holy Light |
| 16:13 | Advanced Lumber Harvesting |
| 16:18 | Scout Tower |
| 16:19 | Scout Tower |
| 16:19 | Scout Tower |
| 16:20 | Scout Tower |
| 16:21 | Scout Tower |
| 16:21 | Scout Tower |
| 16:24 | Scout Tower |
| 16:25 | Scout Tower |
| 16:25 | Scout Tower |
| 16:26 | Scout Tower |
| 16:27 | Scout Tower |
| 16:27 | Scout Tower |
| 16:42 | Staff of Sanctuary |
| 16:43 | Orb of Fire |
| 17:46 | Scout Tower |
| 17:51 | Scout Tower |
| 18:01 | Scout Tower |
| 18:02 | Scout Tower |
| 18:02 | Scout Tower |
| 18:03 | Scout Tower |
| 18:21 | Brilliance Aura |
| 18:33 | Drunken Brawler |
| 19:18 | Guard Tower |
| 19:31 | Guard Tower |
| 19:34 | Scout Tower |
| 19:35 | Scout Tower |
| 19:35 | Scout Tower |
| 20:11 | Guard Tower |
| 20:16 | Guard Tower |
| 20:18 | Guard Tower |
| 20:23 | Scout Tower |
| 20:24 | Scout Tower |
| 20:25 | Scout Tower |
| 20:26 | Scout Tower |
| 21:36 | Scroll of Town Portal |
| 21:37 | Staff of Sanctuary |
| 21:41 | Guard Tower |
| 22:04 | Scout Tower |
| 22:05 | Scout Tower |
| 22:05 | Scout Tower |
| 22:06 | Scout Tower |
| 22:30 | Scout Tower |
| 22:33 | Guard Tower |
| 22:59 | Guard Tower |
| 23:02 | Scout Tower |
| 23:03 | Scout Tower |
| 23:04 | Scout Tower |
| 23:29 | Guard Tower |
| 23:47 | Guard Tower |
| 23:54 | Guard Tower |
| 24:13 | Scout Tower |
| 24:14 | Scout Tower |
| 24:14 | Scout Tower |
| 24:19 | Tome of Retraining |
| 24:19 | Retrain Hero |
| 24:21 | Blizzard |
| 24:21 | Blizzard |
| 24:21 | Brilliance Aura |
| 24:22 | Brilliance Aura |
| 24:24 | Staff of Teleportation |
| 24:31 | Guard Tower |
| 24:32 | Scout Tower |
| 24:32 | Scout Tower |
| 24:33 | Scout Tower |
| 24:34 | Scout Tower |
| 24:35 | Scout Tower |
| 24:35 | Scout Tower |
| 24:36 | Scout Tower |
| 24:37 | Scout Tower |
| 24:43 | Guard Tower |
| 25:09 | Guard Tower |
| 25:11 | Guard Tower |
| 25:20 | Arcane Sanctum |
| 25:57 | Scout Tower |
| 25:57 | Scout Tower |
| 25:58 | Scout Tower |
| 26:43 | Scroll of Regeneration |
| 26:51 | Scroll of Town Portal |
| 26:55 | Guard Tower |
| 26:57 | Scout Tower |
| 26:57 | Scout Tower |
| 27:16 | Staff of Teleportation |
| 27:28 | Guard Tower |
| 27:35 | Magic Sentry |
| 27:36 | Barracks |
| 27:37 | Blacksmith |
| 27:42 | Scout Tower |
| 28:08 | Guard Tower |
| 29:11 | Scout Tower |
| 29:52 | Guard Tower |
| 29:55 | Scout Tower |
| 29:56 | Scout Tower |
| 30:22 | Guard Tower |
| 30:24 | Scout Tower |
| 30:27 | Guard Tower |
| 30:30 | Guard Tower |
| 30:32 | Scout Tower |
| 30:56 | Guard Tower |
| 30:57 | Scout Tower |
| 31:26 | Scout Tower |
| 31:26 | Scout Tower |
| 31:28 | Guard Tower |
| 32:04 | Guard Tower |
| 32:49 | Priest Adept Training |
| 32:51 | Studded Leather Armor |
| 32:52 | Animal War Training |
| 33:26 | Staff of Teleportation |
| 33:27 | Boots of Speed |
| 34:31 | Reinforced Leather Armor |
| 37:45 | Divine Shield |
| 39:01 | Breath of Fire |
| 39:48 | Holy Light |
| 40:09 | Blizzard |
| 42:33 | Drunken Brawler |
| 43:21 | Scout Tower |
| 43:22 | Scout Tower |
| 43:22 | Scout Tower |
| 43:23 | Scout Tower |
| 43:24 | Scout Tower |
| 43:24 | Scout Tower |
| 43:24 | Scout Tower |
| 43:25 | Scout Tower |
| 43:26 | Scout Tower |
| 43:26 | Scout Tower |
| 43:26 | Scout Tower |
| 43:28 | Scout Tower |
| 43:28 | Scout Tower |
| 43:31 | Scout Tower |
| 43:32 | Scout Tower |
| 45:16 | Divine Shield |
| 46:02 | Guard Tower |
| 46:03 | Guard Tower |
| 46:09 | Scout Tower |
| 46:13 | Scout Tower |
| 46:15 | Scout Tower |
| 46:29 | Workshop |
| 46:44 | Arcane Tower |
| 46:45 | Arcane Tower |
| 46:49 | Scout Tower |
| 46:51 | Scout Tower |
| 49:58 | Mass Teleport |
| 50:40 | Breath of Fire |
| 51:57 | Scout Tower |
| 51:58 | Scout Tower |
| 52:00 | Scout Tower |
| 52:06 | Scout Tower |
| 52:06 | Scout Tower |
| 52:09 | Scout Tower |
| 52:10 | Scout Tower |
| 52:11 | Scout Tower |
| 53:00 | Scout Tower |
| 53:05 | Scout Tower |
| 53:05 | Scout Tower |
| 53:07 | Scout Tower |
| Right click | 3038 |
| Select | 1518 |
| Select group | 897 |
| Assign group | 469 |
| Build/train/purchase | 212 |
| Use ability | 109 |
| Chat | 25 |
| Misc. action | 18 |
| Minimap ping | 13 |
| Esc | 10 |
| Resource trade | 6 |
| Item give/drop | 2 |
| Remove unit | 1 |



| Staff of Sanctuary | 3 | 750 |
| Orb of Fire | 2 | 650 |
| Boots of Speed | 3 | 750 |
| Staff of Teleportation | 3 | 450 |
| total: | 11 | 2600g |
| Peasant | 15 | 1125 | / | 0 |
| Priest | 1 | 135 | / | 10 |
| Dragonhawk Rider | 10 | 2000 | / | 300 |
| total: | 26 | 3260g | / | 310w |
| Scout Tower | 91 | 2730 | / | 1820 |
| Arcane Tower | 4 | 280 | / | 200 |
| Guard Tower | 45 | 3150 | / | 2250 |
| Altar of Kings | 1 | 180 | / | 50 |
| Farm | 7 | 560 | / | 140 |
| Arcane Vault | 1 | 130 | / | 30 |
| Lumber Mill | 1 | 120 | / | 0 |
| Blacksmith | 1 | 140 | / | 60 |
| Barracks | 2 | 320 | / | 120 |
| Town Hall | 1 | 385 | / | 205 |
| Gryphon Aviary | 1 | 140 | / | 150 |
| Arcane Sanctum | 1 | 150 | / | 140 |
| Keep | 2 | 640 | / | 420 |
| Castle | 1 | 360 | / | 210 |
| total: | 107 | 4855g | / | 2715w |
| 0:01 | Peasant |
| 0:01 | Peasant |
| 0:06 | Altar of Kings |
| 0:16 | Peasant |
| 0:20 | Farm |
| 0:37 | Peasant |
| 0:43 | Arcane Vault |
| 0:47 | Farm |
| 0:51 | Lumber Mill |
| 0:56 | Peasant |
| 1:16 | Peasant |
| 1:30 | Peasant |
| 1:36 | Scout Tower |
| 1:38 | Scout Tower |
| 1:45 | Peasant |
| 1:48 | Scout Tower |
| 1:50 | Peasant |
| 2:02 | Scout Tower |
| 2:05 | Blizzard |
| 2:12 | Scout Tower |
| 2:14 | Scout Tower |
| 2:16 | Peasant |
| 2:23 | Arcane Tower |
| 2:29 | Guard Tower |
| 2:32 | Peasant |
| 2:32 | Peasant |
| 2:39 | Peasant |
| 2:42 | Guard Tower |
| 2:44 | Scout Tower |
| 2:46 | Scout Tower |
| 2:57 | Guard Tower |
| 3:29 | Keep |
| 3:32 | Scout Tower |
| 3:36 | Guard Tower |
| 3:37 | Scout Tower |
| 3:46 | Guard Tower |
| 3:50 | Farm |
| 3:52 | Farm |
| 3:54 | Farm |
| 4:03 | Improved Masonry |
| 4:05 | Guard Tower |
| 4:07 | Scout Tower |
| 4:10 | Scout Tower |
| 4:34 | Guard Tower |
| 5:00 | Brilliance Aura |
| 5:03 | Guard Tower |
| 5:04 | Scout Tower |
| 5:04 | Scout Tower |
| 5:05 | Scout Tower |
| 5:06 | Scout Tower |
| 5:07 | Scout Tower |
| 5:46 | Boots of Speed |
| 5:46 | Staff of Teleportation |
| 5:59 | Scout Tower |
| 6:06 | Guard Tower |
| 6:08 | Guard Tower |
| 6:41 | Guard Tower |
| 6:46 | Castle |
| 7:04 | Storm Bolt |
| 7:40 | Scout Tower |
| 8:35 | Guard Tower |
| 8:37 | Scout Tower |
| 8:38 | Scout Tower |
| 8:38 | Scout Tower |
| 8:38 | Scout Tower |
| 8:53 | Gryphon Aviary |
| 8:55 | Blacksmith |
| 8:56 | Barracks |
| 8:58 | Arcane Sanctum |
| 8:58 | Advanced Masonry |
| 8:59 | Improved Lumber Harvesting |
| 10:22 | Arcane Tower |
| 10:22 | Guard Tower |
| 10:24 | Magic Sentry |
| 10:26 | Priest |
| 10:29 | Guard Tower |
| 10:34 | Staff of Sanctuary |
| 10:42 | Imbued Masonry |
| 10:58 | Bash |
| 11:01 | Orb of Fire |
| 11:26 | Holy Light |
| 11:38 | Priest Adept Training |
| 11:44 | Scout Tower |
| 11:45 | Scout Tower |
| 11:46 | Scout Tower |
| 11:47 | Scout Tower |
| 11:47 | Scout Tower |
| 11:48 | Scout Tower |
| 11:49 | Scout Tower |
| 11:49 | Scout Tower |
| 11:50 | Scout Tower |
| 12:25 | Blizzard |
| 12:32 | Boots of Speed |
| 12:32 | Staff of Teleportation |
| 12:44 | Boots of Speed |
| 14:07 | Staff of Sanctuary |
| 14:51 | Divine Shield |
| 15:12 | Staff of Sanctuary |
| 15:14 | Orb of Fire |
| 15:17 | Guard Tower |
| 15:51 | Guard Tower |
| 15:56 | Farm |
| 15:56 | Farm |
| 15:59 | Barracks |
| 16:08 | Guard Tower |
| 16:14 | Scout Tower |
| 16:14 | Scout Tower |
| 16:14 | Scout Tower |
| 16:15 | Scout Tower |
| 16:15 | Scout Tower |
| 16:16 | Scout Tower |
| 16:16 | Scout Tower |
| 16:17 | Scout Tower |
| 16:17 | Scout Tower |
| 16:18 | Scout Tower |
| 17:22 | Staff of Teleportation |
| 17:46 | Peasant |
| 17:52 | Storm Bolt |
| 18:00 | Dragonhawk Rider |
| 18:01 | Dragonhawk Rider |
| 19:22 | Scout Tower |
| 19:22 | Scout Tower |
| 19:23 | Scout Tower |
| 19:23 | Scout Tower |
| 19:23 | Scout Tower |
| 19:24 | Scout Tower |
| 19:24 | Scout Tower |
| 19:24 | Scout Tower |
| 19:24 | Scout Tower |
| 19:25 | Scout Tower |
| 19:25 | Scout Tower |
| 19:25 | Scout Tower |
| 19:26 | Scout Tower |
| 19:27 | Scout Tower |
| 20:16 | Guard Tower |
| 20:18 | Guard Tower |
| 20:20 | Guard Tower |
| 20:34 | Dragonhawk Rider |
| 20:39 | Guard Tower |
| 21:02 | Guard Tower |
| 21:28 | Peasant |
| 21:33 | Guard Tower |
| 21:42 | Town Hall |
| 21:42 | Guard Tower |
| 21:44 | Scout Tower |
| 21:44 | Scout Tower |
| 21:45 | Scout Tower |
| 21:45 | Scout Tower |
| 21:45 | Scout Tower |
| 21:46 | Scout Tower |
| 21:46 | Scout Tower |
| 21:47 | Scout Tower |
| 21:47 | Scout Tower |
| 22:01 | Scout Tower |
| 22:01 | Scout Tower |
| 22:02 | Scout Tower |
| 22:03 | Scout Tower |
| 22:03 | Scout Tower |
| 22:03 | Scout Tower |
| 22:04 | Scout Tower |
| 22:04 | Scout Tower |
| 22:07 | Scout Tower |
| 22:08 | Scout Tower |
| 22:08 | Scout Tower |
| 22:09 | Scout Tower |
| 22:09 | Scout Tower |
| 22:09 | Scout Tower |
| 22:23 | Guard Tower |
| 22:27 | Scout Tower |
| 22:27 | Scout Tower |
| 22:28 | Scout Tower |
| 22:28 | Scout Tower |
| 22:29 | Scout Tower |
| 22:29 | Scout Tower |
| 22:30 | Scout Tower |
| 22:31 | Scout Tower |
| 22:31 | Scout Tower |
| 22:31 | Scout Tower |
| 22:32 | Guard Tower |
| 22:40 | Dragonhawk Rider |
| 22:41 | Cloud |
| 22:43 | Animal War Training |
| 22:54 | Arcane Tower |
| 22:54 | Guard Tower |
| 23:01 | Arcane Tower |
| 23:02 | Guard Tower |
| 23:23 | Guard Tower |
| 23:23 | Guard Tower |
| 23:25 | Guard Tower |
| 23:45 | Guard Tower |
| 23:47 | Guard Tower |
| 24:15 | Guard Tower |
| 24:29 | Guard Tower |
| 24:35 | Guard Tower |
| 24:45 | Guard Tower |
| 26:30 | Guard Tower |
| 26:46 | Scout Tower |
| 26:47 | Scout Tower |
| 27:40 | Guard Tower |
| 27:45 | Dragonhawk Rider |
| 27:49 | Advanced Lumber Harvesting |
| 28:02 | Iron Forged Swords |
| 28:04 | Studded Leather Armor |
| 28:23 | Guard Tower |
| 31:03 | Steel Forged Swords |
| 31:03 | Reinforced Leather Armor |
| 32:59 | Holy Light |
| 33:03 | Brilliance Aura |
| 37:41 | Bash |
| 39:38 | Divine Shield |
| 40:05 | Dragonhawk Rider |
| 40:05 | Dragonhawk Rider |
| 40:06 | Dragonhawk Rider |
| 40:06 | Dragonhawk Rider |
| 40:06 | Dragonhawk Rider |
| 40:08 | Mithril Forged Swords |
| 40:08 | Dragonhide Armor |
| 41:37 | Blizzard |
| 42:38 | Storm Bolt |
| 47:03 | Holy Light |
| 49:56 | Brilliance Aura |
| Right click | 3898 |
| Select group | 972 |
| Select | 861 |
| Use ability | 262 |
| Build/train/purchase | 245 |
| Chat | 94 |
| Minimap ping | 26 |
| Assign group | 15 |
| Resource trade | 14 |
| Remove unit | 4 |
| Item give/drop | 2 |
| Esc | 1 |



x1)
| Scroll of Regeneration | 1 | 100 |
| Staff of Sanctuary | 3 | 750 |
| Orb of Fire | 3 | 975 |
| Lesser Clarity Potion | 1 | 70 |
| Staff of Teleportation | 3 | 450 |
| Boots of Speed | 3 | 750 |
| Tome of Retraining | 1 | 300 |
| Periapt of Vitality | 1 | 325 |
| total: | 16 | 3720g |
| Peasant | 17 | 1275 | / | 0 |
| Dragonhawk Rider | 5 | 1000 | / | 150 |
| total: | 22 | 2275g | / | 150w |
| Scout Tower | 100 | 3000 | / | 2000 |
| Arcane Tower | 4 | 280 | / | 200 |
| Guard Tower | 26 | 1820 | / | 1300 |
| Altar of Kings | 1 | 180 | / | 50 |
| Farm | 5 | 400 | / | 100 |
| Lumber Mill | 2 | 240 | / | 0 |
| Arcane Vault | 1 | 130 | / | 30 |
| Town Hall | 2 | 770 | / | 410 |
| Barracks | 1 | 160 | / | 60 |
| Blacksmith | 1 | 140 | / | 60 |
| Arcane Sanctum | 1 | 150 | / | 140 |
| Gryphon Aviary | 1 | 140 | / | 150 |
| Keep | 1 | 320 | / | 210 |
| Castle | 1 | 360 | / | 210 |
| total: | 115 | 5310g | / | 3000w |
| 0:02 | Peasant |
| 0:02 | Peasant |
| 0:10 | Altar of Kings |
| 0:13 | Farm |
| 0:14 | Peasant |
| 0:25 | Peasant |
| 0:31 | Lumber Mill |
| 0:56 | Scout Tower |
| 0:58 | Peasant |
| 0:58 | Peasant |
| 1:06 | Farm |
| 1:14 | Peasant |
| 1:22 | Arcane Tower |
| 1:30 | Peasant |
| 1:36 | Scout Tower |
| 1:43 | Peasant |
| 1:50 | Peasant |
| 1:57 | Scout Tower |
| 2:01 | Guard Tower |
| 2:10 | Blizzard |
| 2:14 | Peasant |
| 2:25 | Peasant |
| 2:27 | Scout Tower |
| 2:27 | Guard Tower |
| 2:48 | Arcane Vault |
| 2:54 | Guard Tower |
| 3:08 | Keep |
| 3:37 | Improved Masonry |
| 3:57 | Brilliance Aura |
| 4:25 | Staff of Teleportation |
| 4:25 | Boots of Speed |
| 5:30 | Farm |
| 5:32 | Castle |
| 5:33 | Advanced Masonry |
| 6:07 | Arcane Sanctum |
| 6:47 | Blizzard |
| 6:56 | Town Hall |
| 7:05 | Scout Tower |
| 7:06 | Scout Tower |
| 7:06 | Scout Tower |
| 7:07 | Scout Tower |
| 7:09 | Scout Tower |
| 7:10 | Scout Tower |
| 7:12 | Scout Tower |
| 7:12 | Scout Tower |
| 7:15 | Storm Bolt |
| 7:18 | Scroll of Regeneration |
| 7:37 | Arcane Tower |
| 7:39 | Guard Tower |
| 7:42 | Guard Tower |
| 7:47 | Improved Lumber Harvesting |
| 8:41 | Guard Tower |
| 8:44 | Guard Tower |
| 8:48 | Peasant |
| 9:40 | Holy Light |
| 9:49 | Staff of Sanctuary |
| 9:50 | Orb of Fire |
| 10:08 | Bash |
| 10:13 | Staff of Teleportation |
| 10:14 | Boots of Speed |
| 10:19 | Guard Tower |
| 10:21 | Scout Tower |
| 10:22 | Scout Tower |
| 10:23 | Scout Tower |
| 10:24 | Scout Tower |
| 10:30 | Scout Tower |
| 10:31 | Scout Tower |
| 10:32 | Scout Tower |
| 10:32 | Scout Tower |
| 10:34 | Scout Tower |
| 10:34 | Scout Tower |
| 10:35 | Scout Tower |
| 10:36 | Scout Tower |
| 10:37 | Scout Tower |
| 10:38 | Scout Tower |
| 10:38 | Scout Tower |
| 10:39 | Scout Tower |
| 10:40 | Imbued Masonry |
| 11:05 | Magic Sentry |
| 11:07 | Peasant |
| 11:07 | Peasant |
| 11:50 | Guard Tower |
| 12:17 | Guard Tower |
| 12:27 | Advanced Lumber Harvesting |
| 13:02 | Guard Tower |
| 13:06 | Staff of Sanctuary |
| 13:06 | Orb of Fire |
| 13:09 | Guard Tower |
| 13:17 | Peasant |
| 13:17 | Peasant |
| 13:44 | Devotion Aura |
| 13:45 | Devotion Aura |
| 13:55 | Guard Tower |
| 14:01 | Brilliance Aura |
| 14:06 | Tome of Retraining |
| 14:06 | Retrain Hero |
| 14:08 | Holy Light |
| 14:09 | Divine Shield |
| 14:58 | Staff of Teleportation |
| 14:59 | Boots of Speed |
| 15:16 | Lesser Clarity Potion |
| 15:16 | Staff of Sanctuary |
| 15:17 | Orb of Fire |
| 15:31 | Scout Tower |
| 15:32 | Scout Tower |
| 15:33 | Scout Tower |
| 15:33 | Scout Tower |
| 15:34 | Scout Tower |
| 15:35 | Scout Tower |
| 16:33 | Storm Bolt |
| 16:47 | Guard Tower |
| 16:49 | Barracks |
| 16:50 | Blacksmith |
| 16:52 | Gryphon Aviary |
| 16:56 | Scout Tower |
| 16:57 | Scout Tower |
| 16:57 | Scout Tower |
| 16:58 | Scout Tower |
| 17:00 | Scout Tower |
| 17:00 | Scout Tower |
| 17:01 | Scout Tower |
| 17:01 | Scout Tower |
| 17:03 | Scout Tower |
| 17:04 | Scout Tower |
| 17:04 | Scout Tower |
| 17:05 | Scout Tower |
| 17:05 | Scout Tower |
| 17:06 | Scout Tower |
| 17:06 | Scout Tower |
| 17:07 | Scout Tower |
| 17:09 | Scout Tower |
| 17:10 | Scout Tower |
| 17:11 | Scout Tower |
| 17:49 | Holy Light |
| 19:25 | Arcane Tower |
| 20:22 | Guard Tower |
| 20:28 | Cloud |
| 22:28 | Bash |
| 22:34 | Animal War Training |
| 22:35 | Studded Leather Armor |
| 22:36 | Farm |
| 22:37 | Farm |
| 22:39 | Dragonhawk Rider |
| 22:39 | Dragonhawk Rider |
| 22:42 | Scout Tower |
| 22:42 | Scout Tower |
| 22:43 | Scout Tower |
| 22:43 | Scout Tower |
| 22:45 | Scout Tower |
| 22:46 | Scout Tower |
| 22:46 | Scout Tower |
| 22:47 | Scout Tower |
| 22:48 | Scout Tower |
| 22:49 | Scout Tower |
| 23:23 | Town Hall |
| 23:36 | Reinforced Leather Armor |
| 24:19 | Scout Tower |
| 24:20 | Scout Tower |
| 24:21 | Scout Tower |
| 24:22 | Scout Tower |
| 24:22 | Scout Tower |
| 24:24 | Scout Tower |
| 24:24 | Scout Tower |
| 24:25 | Scout Tower |
| 24:25 | Scout Tower |
| 24:26 | Scout Tower |
| 24:28 | Scout Tower |
| 24:29 | Scout Tower |
| 24:29 | Scout Tower |
| 24:30 | Scout Tower |
| 24:33 | Scout Tower |
| 24:34 | Scout Tower |
| 24:34 | Scout Tower |
| 24:35 | Scout Tower |
| 24:37 | Scout Tower |
| 24:37 | Scout Tower |
| 24:38 | Scout Tower |
| 24:41 | Scout Tower |
| 24:42 | Scout Tower |
| 24:43 | Scout Tower |
| 24:44 | Scout Tower |
| 24:44 | Scout Tower |
| 24:45 | Scout Tower |
| 24:45 | Scout Tower |
| 24:50 | Guard Tower |
| 24:57 | Dragonhawk Rider |
| 24:57 | Dragonhawk Rider |
| 25:04 | Guard Tower |
| 25:06 | Dragonhide Armor |
| 25:20 | Scout Tower |
| 25:21 | Scout Tower |
| 25:21 | Scout Tower |
| 25:22 | Scout Tower |
| 25:53 | Guard Tower |
| 25:57 | Guard Tower |
| 26:01 | Guard Tower |
| 27:27 | Guard Tower |
| 27:36 | Guard Tower |
| 28:14 | Guard Tower |
| 30:17 | Blizzard |
| 30:38 | Guard Tower |
| 31:24 | Scout Tower |
| 31:25 | Scout Tower |
| 31:26 | Scout Tower |
| 31:26 | Scout Tower |
| 31:27 | Scout Tower |
| 31:38 | Devotion Aura |
| 31:56 | Dragonhawk Rider |
| 32:51 | Storm Bolt |
| 33:25 | Holy Light |
| 33:42 | Guard Tower |
| 35:23 | Periapt of Vitality |
| 36:27 | Brilliance Aura |
| 40:04 | Avatar |
| 40:51 | Devotion Aura |
| 43:27 | Lumber Mill |
| 46:16 | Mass Teleport |
| 49:36 | Bash |
| 49:43 | Devotion Aura |
| Right click | 3154 |
| Select group | 2463 |
| Select | 382 |
| Use ability | 289 |
| Build/train/purchase | 183 |
| Misc. action | 138 |
| Minimap ping | 30 |
| Chat | 28 |
| Assign group | 23 |
| Resource trade | 6 |
| Item give/drop | 5 |